 Dungeon Crawl Stone Soup version 0.29-a0-323-g050149af67 (webtiles) character file.

Game seed: 11207873891323334121

71 spiderkeys the Ducker (level 4, 0/34 HPs)
             Began as a Spriggan Abyssal Knight on Apr 11, 2022.
             Was a Priest of Lugonu.
             Succumbed to an adder's poison
             ... on level 2 of the Dungeon.
             The game lasted 00:02:12 (2281 turns).

spiderkeys the Ducker (Spriggan Abyssal Knight)     Turns: 2281, Time: 00:02:12

Health: 0/34       AC:  4    Str: 15    XL:     4   Next: 5%
Magic:  6/6        EV: 18    Int: 11    God:    Lugonu [***...]
Gold:   48         SH:  0    Dex: 17    Spells: 3/3 levels left

rFire   . . .      SeeInvis +   a - +1 short sword
rCold   . . .      Faith    .   (no shield)
rNeg    . . .      Spirit   .   b - +0 robe
rPois   .          Reflect  .   n - +2 hat
rElec   .          Harm     .   (no cloak)
rCorr   .          Rampage  .   (gloves unavailable)
Will    .....                   (boots unavailable)
Stlth   ..........              (no amulet)
HPRegen 0.11/turn               S - +6 ring of strength
MPRegen 0.10/turn               (no ring)

@: berserking, lethally poisoned (0 -> -4), very quick
A: very small, no large weapons, unfitting armour, see invisible, speed 3
a: Renounce Religion, Depart the Abyss, Bend Space, Banish


You were on level 2 of the Dungeon.
You worshipped Lugonu.
Lugonu was most pleased with you.
You visited 1 branch of the dungeon, and saw 2 of its levels.
You visited the Abyss 1 time.

You collected 48 gold pieces.


Innate Abilities, Weirdness & Mutations

You are very small and have problems with some larger weapons.
You are too small for most types of armour.
You have supernaturally acute eyesight. (SInv)
You cover ground extremely quickly. (Speed+++)


   Skills:
 + Level 2.9 Fighting
 + Level 3.0 Short Blades
 + Level 4.1 Dodging
 + Level 2.7 Stealth
 - Level 2.0 Invocations


You had 3 spell levels left.
You didn't know any spells.
Your spell library contained the following spells:

 Spells                   Type           Power      Damage    Failure   Level
 Animate Dead             Necr           0%         N/A       98%         4
 Haunt                    Necr/Summ      0%         N/A       100%        7
 Infestation              Necr           0%         N/A       100%        8

Inventory:

Hand Weapons
 a - a +1 short sword (weapon)
Missiles
 d - 41 stones
 p - 3 poisoned darts
Armour
 b - a +0 robe (worn)
 k - a +0 robe
   (You found it on level 1 of the Dungeon)
 n - a +2 hat (worn)
   (You found it on level 2 of the Dungeon)
Jewellery
 S - a +6 ring of strength (left hand)
   (You found it on level 1 of the Dungeon)
Scrolls
 e - a scroll of teleportation {@r4}
 f - a scroll of holy word {unknown}
 g - a scroll of enchant weapon {unknown}
 h - a scroll of noise {unknown}
 i - a scroll of fog {unknown}
 j - a scroll of blinking {unknown}
Potions
 c - a potion of berserk rage {!q}
 l - a potion of curing {unknown}
 m - a potion of heal wounds {unknown}
 o - a potion of ambrosia {unknown}

Dungeon Overview and Level Annotations

Branches:
Dungeon (2/15)

Altars:

Annotations:
D:1 1 runed translucent door

#.# #. #.# #.
##############.# #.
#..............# #.
#.####.###.########.
#.# #.......... #
#.# ###########
#####.####.#
.......@†..#
##########......#
#.###### #.# #.# #S#
#.# .#


There were no monsters in sight!


Message History

Your Short Blades skill increases to level 3!
You have reached level 4! 😮 HP[+1] MP[+1]
You now have 23 max hp (+4).
Your mp is fully restored (6).
You feel sick.
You feel sick.
You feel sick.
You feel sick.
You are no longer poisoned.
Key pressed, stopping explore.
Key pressed, stopping explore.
Key pressed, stopping explore.
Things that are here:
an adder corpse; a hobgoblin corpse; 😎 HP[+7]
Your hp is fully restored (23).
p - 3 poisoned darts Key pressed, stopping explore.
A quokka and an adder come into view.
The adder hisses angrily.
You hit the quokka. The quokka closely misses you. The quokka misses you.
You closely miss the quokka. Your punch misses the quokka.
The quokka barely misses you.
You hit the quokka. The quokka closely misses you.
You hit the quokka but do no damage. The quokka bites you. 😕 HP[-3]
You take 3 damage, and now have 20/23 hp.
You hit the quokka. The adder bites you.
You are poisoned.
The adder poisons you!
The quokka bites you but does no damage. 😕 HP[-1]
You take 1 damage, and now have 19/23 hp.
You hit the adder. Your punch misses the adder.
You feel sick. The adder closely misses you. The quokka barely misses you.
The adder closely misses you. 😮 HP[-2]
You take 2 damage, and now have 17/23 hp.
You barely miss the adder.
The quokka bites you but does no damage.
The adder closely misses you.
You barely miss the adder.
You feel sick. The quokka completely misses you.
The adder completely misses you. 😮 HP[-1]
You take 1 damage, and now have 16/23 hp.
You hit the adder.
You feel sick. The quokka closely misses you. The adder completely misses you.
The quokka misses you. 😮 HP[-1]
You take 1 damage, and now have 15/23 hp.
You barely miss the adder.
You feel sick. The adder bites you.
* * * LOW HITPOINT WARNING * * *
You are more poisoned.
The adder poisons you! The quokka closely misses you.
The adder completely misses you. 😨 HP[-4]
You take 4 damage, and now have 11/23 hp.
You hit the adder.
* * * LOW HITPOINT WARNING * * *
You feel sick.
The quokka bites you but does no damage.
The adder bites you.
* * * LOW HITPOINT WARNING * * *
You are lethally poisoned!
The adder poisons you! 😨 HP[-3]
You take 3 damage, and now have 8/23 hp.
You closely miss the quokka.
* * * LOW HITPOINT WARNING * * *
You feel very sick. The quokka barely misses you.
The adder misses you. 😱 HP[-3]
You take 3 damage, and now have 5/23 hp.
You hit the quokka.
You kill the quokka!
Lugonu accepts your kill.
* * * LOW HITPOINT WARNING * * *
You feel sick.
The adder bites you but does no damage. 😱 HP[-2]
You take 2 damage, and now have 3/23 hp.
Unknown command.
It was a potion of berserk rage.
A red film seems to cover your vision as you go berserk!
You feel yourself moving faster!
You feel mighty!
* * * LOW HITPOINT WARNING * * *
You feel sick. The adder barely misses you.
You now have 34 max hp (+11).
You barely miss the adder.
* * * LOW HITPOINT WARNING * * *
You feel sick. The adder barely misses you. 😱 HP[-1]
You take 1 damage, and now have 2/34 hp.
You barely miss the adder.
* * * LOW HITPOINT WARNING * * *
You feel sick.
The adder bites you but does no damage. 😱 HP[-1]
You take 1 damage, and now have 1/34 hp.
You hit the adder. The adder closely misses you.
You puncture the adder!
You kill the adder!
Lugonu accepts your kill.
You die...

Skill      XL: |  1  2  3 |
---------------+----------+-----
Stealth        | 1 2 |  2.7
Invocations    | 2 |  2.0
Dodging        | 4 |  4.1
Short Blades   | 3 |  3.0
Fighting       | |  2.9

Action                   |  1- 3 |  4- 6 || total
-------------------------+-------+-------++-------
Melee: Short sword       |   103 |    17 ||   120
       Punch             |     1 |       ||     1
Throw: Stone             |     1 |       ||     1
  Use: Scroll            |     1 |       ||     1
       Potion            |       |     1 ||     1
 Stab: Sleeping          |     3 |       ||     3
Armor: Robe              |     9 |     5 ||    14
Dodge: Dodged            |    83 |    20 ||   103

Levels and vault maps discovered:
D:1:      dpeg_arrival_caged_fury, layout_basic, serial_forest,
          infiniplex_forest_lined_room_2, infiniplex_forest_lined_ring,
          infiniplex_forest_lined_1, infiniplex_forest_clump_curved,
          infiniplex_forest_lined_corner, minmay_tetromino_s2
D:2:      minmay_chambers_of_twos, layout_loops_ring, basic_ecumenical_altar

Notes
Turn   | Place    | Note
-------+----------+-------------------------------------------
     0 | Abyss:1  | spiderkeys the Spriggan Abyssal Knight began the quest for
                  | the Orb.
     0 | Abyss:1  | Reached XP level 1. HP: 11/11 MP: 3/3
     0 | Abyss:1  | magus.rc [v1.11.3]
    72 | D:1      | You pass through the gate.
    72 | D:1      | Escaped the Abyss
    73 | D:1      | Noticed a jelly
    74 | D:1      | Found a runed translucent door.
   257 | D:1      | You pick up a book of Death and begin reading...
   257 | D:1      | You add the spells Animate Dead, Haunt and Infestation to
                  | your library.
   425 | D:1      | HP: 2/11 [hobgoblin (5)]
   436 | D:1      | Reached skill level 1 in Stealth
   436 | D:1      | Reached skill level 2 in Invocations
   436 | D:1      | Reached XP level 2. HP: 3/16 MP: 4/4
  1678 | D:2      | Reached XP level 3. HP: 19/19 MP: 5/5
  1685 | D:2      | Reached *** piety under Lugonu
  1687 | D:2      | Reached skill level 2 in Stealth
  1803 | D:2      | Reached skill level 4 in Dodging
  1806 | D:2      | HP: 4/19 [poisoned by an adder]
  2079 | D:2      | Reached skill level 3 in Short Blades
  2079 | D:2      | Reached XP level 4. HP: 16/23 MP: 6/6
  2275 | D:2      | HP: 5/23 [poisoned by an adder]
  2278 | D:2      | HP: 2/34 [poisoned by an adder]
  2281 | D:2      | Succumbed to an adder's poison

Vanquished Creatures
  5 adders (D:2)
  3 bats
  An endoplasm (D:1)
  2 giant cockroaches (D:1)
  10 hobgoblins
  3 quokkas
  2 ball pythons (D:1)
  2 frilled lizards (D:1)
  3 kobolds
  3 rats (D:1)
34 creatures vanquished.

Table legend:
 A = Non-vault XP
 B = Vault XP
 C = Vault XP percentage of total XP
 D = Non-vault monster count
 E = Vault monster count
 F = Vault count percentage of total count
                 A         B        C        D         E       F
            +---------+---------+-------+---------+---------+-------
      Total |     113 |       2 |   1.7 |      33 |       1 |   2.9
            +---------+---------+-------+---------+---------+-------
        D:1 |      28 |       2 |   6.7 |      18 |       1 |   5.3
        D:2 |      85 |       0 |   0.0 |      15 |       0 |   0.0
            +---------+---------+-------+---------+---------+-------

Illustrated notes

Table legend:
 A = Kills in this place as a percentage of kills in entire the game.
 B = Kills by you in this place as a percentage of kills by you in the entire game.
 C = Kills by friends in this place as a percentage of kills by friends in the entire game.
 D = Other kills in this place as a percentage of other kills in the entire game.
 E = Experience gained in this place as a percentage of experience gained in the entire game.
 F = Experience gained in this place divided by the number of levels of this place that you have seen.
                   A       B       C       D       E      F
               +-------+-------+-------+-------+-------+----------------------
         Total | 100.0 | 100.0 |   N/A |   N/A | 100.0 |  38.3
       Dungeon | 100.0 | 100.0 |   N/A |   N/A | 100.0 |  57.5
               +-------+-------+-------+-------+-------+----------------------

Table legend: (Time is in decaauts)
 A = Elapsed time spent in this place.
 B = Non-inter-level travel time spent in this place.
 C = Inter-level travel time spent in this place.
 D = Time resting spent in this place.
 E = Time spent auto-exploring this place.
 F = Levels seen in this place.
 G = Mean time per level.
                   A        B        C        D        E       F      G
               +--------+--------+--------+--------+--------+-----+--------+
         Total |   1848 |   1847 |      1 |    256 |   1351 |   3 |  616.0 |
       Dungeon |   1805 |   1804 |      1 |    256 |   1322 |   2 |  902.5 |
         Abyss |     43 |     43 |      0 |      0 |     28 |   1 |   43.0 |
               +--------+--------+--------+--------+--------+-----+--------+

Top non-repeatable levels by time:
     D:1: 1253 daAuts
     D:2: 551 daAuts
 Abyss:1: 43 daAuts
